 Dungeon Crawl Stone Soup version 0.20-a0-936-gaf809b6 (webtiles) character file.

49065 Isola the Carver (level 14, -5/84 HPs)
             Began as a Tengu Fighter on Mar 30, 2017.
             Was a High Priest of Okawaru.
             Slain by a white ugly thing (14 damage)
             ... on level 12 of the Dungeon.
             The game lasted 01:00:12 (26933 turns).

Isola the Carver (Tengu Fighter)                   Turns: 26933, Time: 01:00:14

Health: -5/84      AC: 13    Str: 21    XL:     14   Next: 49%
Magic:  21/21      EV: 21    Int: 16    God:    Okawaru [*****.]
Gold:   1233       SH:  0    Dex: 13    Spells: 6/13 levels left

rFire    + . .     SeeInvis .   u - +1 demon blade (flame)
rCold    . . .     Gourm    .   (no shield)
rNeg     . . .     Faith    .   x - +3 leather armour {rF+}
rPois    .         Spirit   .   S - +0 hat
rElec    .         Reflect  .   l - +2 cloak
rCorr    .         Harm     .   P - +2 pair of gloves
MR       +....                  (boots unavailable)
Stlth    +.........             (no amulet)
Regen    0.3/turn               a - +4 ring of strength
MPRegen  0.2/turn               e - +2 ring of intelligence

@: flying quickly and evasively, quick
A: beak, talons 3, able to fly 2
a: Stop Flying, Heroism, Finesse, Renounce Religion


You were on level 12 of the Dungeon.
You worshipped Okawaru.
Okawaru was extremely pleased with you.
You were not hungry.

You visited 3 branches of the dungeon, and saw 18 of its levels.
You also visited: Labyrinth and Volcano.

You collected 1233 gold pieces.

Inventory:

Hand Weapons
 u - a +1 demon blade of flaming (weapon)
 B - the +7 Singing Sword
   (Okawaru gifted it to you on level 3 of the Lair of Beasts)
 J - a +5 scimitar
 U - a +2 demon blade of draining
Missiles
 C - 14 javelins (quivered)
Armour
 c - a +0 shield
 l - a +2 cloak (worn)
 x - a +3 leather armour of fire resistance (worn)
 F - a +2 leather armour of cold resistance
 N - a scarf of cold resistance
 P - a +2 pair of gloves (worn)
 S - a +0 hat (worn)
Jewellery
 a - a +4 ring of strength (left hand)
 e - a +2 ring of intelligence (right hand)
 r - an uncursed ring of see invisible
Wands
 h - a wand of digging (8/24)
 j - a wand of iceblast (0/15)
 k - a wand of iceblast (10/15)
 m - a wand of lightning (3/15)
 y - a wand of disintegration (11/24)
 E - a wand of acid (7/15)
 H - a wand of scattershot (5/9)
 M - a wand of iceblast (6/15)
Scrolls
 n - 3 scrolls of teleportation
 p - 5 scrolls of remove curse
 s - a scroll of fear
 w - 3 scrolls of fog
 D - 2 scrolls of recharging
 K - 6 scrolls of amnesia
 L - 2 scrolls of vulnerability
 O - 5 scrolls of identify
Potions
 b - 3 potions of resistance
 d - 2 potions of haste
 q - 4 potions of mutation
 t - 3 potions of magic
 v - 2 potions of heal wounds
 z - 3 potions of curing
 I - a potion of might
 Q - a potion of brilliance {unknown}
Books
 A - a book of Callings

   Spells                             Type                      Level
   a - Summon Small Mammal            Summoning                    1
   b - Call Imp                       Summoning                    2
   c - Call Canine Familiar           Summoning                    3
   d - Summon Guardian Golem          Hexes/Summoning              3
   e - Summon Lightning Spire         Summoning/Air                4
   f - Summon Ice Beast               Ice/Summoning                4
 G - a book of Air

   Spells                             Type                      Level
   a - Shock                          Conjuration/Air              1
   b - Swiftness                      Charms/Air                   2
   c - Static Discharge               Conjuration/Air              3
   d - Airstrike                      Air                          4
   e - Lightning Bolt                 Conjuration/Air              5
 T - a book of Enchantments

   Spells                             Type                      Level
   a - Cause Fear                     Hexes                        4
   b - Yara's Violent Unravelling     Hexes/Transmutation          5
   c - Silence                        Hexes/Air                    5
   d - Deflect Missiles               Charms/Air                   6
   e - Discord                        Hexes                        8
Comestibles
 f - 12 bread rations
 g - 14 royal jellies
 i - 6 meat rations
 o - 24 fruits
 R - 3 chunks of flesh


   Skills:
 - Level 8.2 Fighting
 - Level 14.0 Long Blades
 - Level 5.8 Armour
 - Level 10.0 Dodging
 * Level 8.4 Shields
 - Level 4.4 Charms
 - Level 6.9 Necromancy
 + Level 10.0 Air Magic
 - Level 9.1 Invocations
 - Level 3.6 Evocations


You had 6 spell levels left.
You knew the following spells:

 Your Spells              Type           Power        Failure   Level  Hunger
a - Regeneration          Chrm/Necr      ###.......   10%         3    ####...
b - Airstrike             Air            ####......   6%          4    #####..


Dungeon Overview and Level Annotations

Branches:
Dungeon (12/15)            Temple (1/1) D:7            Lair (5/6) D:9
 Shoals (0/4) Lair:4        Snake (0/4) Lair:4          Orc (0/2) D:12
  Slime: Lair:5-6

Altars:
Ashenzari
Cheibriados
Dithmenos
Elyvilon
Fedhas
Gozag
Hepliaklqana
Kikubaaqudgha
Makhleb
Nemelex Xobeh
Okawaru
Qazlal
Ru
Sif Muna
Trog
Uskayaw
Vehumet
Wu Jian
Xom
Yredelemnul
Zin
The Shining One

Annotations:
Lair:4 exclusion: 3 oklob plants
Lair:5 Rupert


Innate Abilities, Weirdness & Mutations

You have a beak for a mouth.
You have claws for feet.
You can fly continuously.


Message History

The white ugly thing is severely wounded.
The white ugly thing kicks you! The white ugly thing freezes you!
You slash the white ugly thing! You burn the white ugly thing.
You claw the white ugly thing. Your peck misses the white ugly thing.
The white ugly thing is severely wounded.
Unknown command.
You hit the white ugly thing. You burn the white ugly thing.
The white ugly thing is almost dead.
The white ugly thing kicks you. The white ugly thing freezes you!!
* * * LOW HITPOINT WARNING * * *
You barely miss the white ugly thing.
You claw the white ugly thing, but do no damage.
The white ugly thing is almost dead.
You barely miss the white ugly thing.
You claw the white ugly thing, but do no damage.
The white ugly thing is almost dead.
The white ugly thing kicks you!
* * * LOW HITPOINT WARNING * * *
The white ugly thing freezes you!
You die...

##........ ....
##..........
#...###...........
o...
#....#..)..........
h..
#...#..............
.. #..%............
.#.
#...#..)........ ..
##..u#.......... #
#..@#.)........ #
##...#......... #
#....#)....... #
##..).#.......
#....##...... #
##....##..)## ###
#.....##### ###..
##>...## ###...#
#<....####...###


You could see a white ugly thing.

Vanquished Creatures
  Azrael (D:12)
  The ghost of yrara the Fighter, a journeyman DsFi of Gozag (Lair:2)
  A minotaur (Lab)
  6 hydras
  Erolcha (D:9)
  4 two-headed ogres
  A hell knight (Volcano)
  2 unseen horrors
  A salamander mystic (Volcano)
  2 deep elf magi
  6 salamanders (Volcano)
  An oklob plant (Lair:2)
  An ugly thing (D:11)
  A manticore (D:11)
  Maurice (D:9)
  2 elephants (Lair:1)
  4 black mambas
  3 rime drakes
  5 spiny frogs
  7 komodo dragons
  2 trolls
  2 hornets
  9 polar bears
  11 hippogriffs
  2 dream sheep (D:8)
  22 blink frogs
  2 spriggans (Lair:1)
  A centaur simulacrum (D:12)
  2 shadows (Lab)
  4 wyverns
  A wraith (D:11)
  3 hogs
  9 yaks
  3 fire elementals (D:12)
  A hungry ghost (D:7)
  Grum (D:9)
  3 basilisks
  Edmund (D:4)
  A naga (Lair:4)
  An acid dragon (D:9)
  A soldier ant (D:10)
  4 hell hounds (D:12)
  14 water moccasins
  7 porcupines
  9 black bears
  9 orc warriors
  2 sky beasts
  3 ice beasts
  A necrophage (D:8)
  8 ogres
  A phantom (D:7)
  10 wolves
  10 centaurs
  11 crocodiles
  4 big kobolds (D:8)
  14 bullfrogs
  An earth elemental (Lab)
  6 scorpions
  A wyvern skeleton (D:6)
  12 killer bees
  2 troll skeletons (Lab)
  9 wights
  10 howler monkeys
  3 electric eels
  3 crimson imps
  3 bullfrog skeletons
  A jelly (D:10)
  A quasit (D:8)
  A bullfrog zombie (D:6)
  4 hounds
  2 centaur skeletons
  8 orc priests
  11 worker ants
  19 orc wizards
  4 iguanas
  3 hound skeletons
  A worker ant zombie (D:8)
  A howler monkey zombie (D:7)
  4 gnolls
  18 adders
  2 shadow imps
  2 adder skeletons
  2 worms
  7 dart slugs
  2 leopard geckos
  78 orcs
  A ball python (D:5)
  5 bats
  8 giant cockroaches
  5 goblins
  10 hobgoblins
  12 jackals
  8 quokkas
  4 frilled lizards
  A jackal skeleton (D:6)
  14 kobolds
  A leopard gecko skeleton (D:6)
  2 quokka skeletons
  A quokka zombie (D:9)
  7 rats
  A plant (Lair:1)
541 creatures vanquished.

Vanquished Creatures (others)
  An orc (D:7)
  A bush (D:9)
  11 plants
13 creatures vanquished.

Grand Total: 554 creatures vanquished

Notes
Turn   | Place    | Note
-------+----------+-------------------------------------------
     0 | D:1      | Isola the Tengu Fighter began the quest for the Orb.
     0 | D:1      | Reached XP level 1. HP: 14/14 MP: 2/2
   121 | D:1      | Reached XP level 2. HP: 9/19 MP: 3/3
   479 | D:1      | Reached skill level 1 in Dodging
   629 | D:1      | Reached skill level 3 in Long Blades
   913 | D:2      | Reached XP level 3. HP: 13/23 MP: 4/4
  1622 | D:2      | Reached XP level 4. HP: 28/28 MP: 5/5
  2166 | D:3      | Reached skill level 4 in Long Blades
  2293 | D:3      | Gained mutation: You can fly. [Tengu growth]
  2293 | D:3      | Reached XP level 5. HP: 32/32 MP: 6/6
  2945 | D:4      | Reached skill level 5 in Long Blades
  2945 | D:4      | Reached XP level 6. HP: 25/38 MP: 7/7
  3216 | D:4      | Reached skill level 6 in Long Blades
  3216 | D:4      | Reached XP level 7. HP: 31/44 MP: 8/8
  3604 | D:4      | Noticed Edmund
  3616 | D:4      | Killed Edmund
  3630 | D:4      | Reached skill level 5 in Fighting
  3973 | D:4      | Reached skill level 7 in Long Blades
  4319 | D:5      | Entered Level 5 of the Dungeon
  4346 | D:5      | Reached XP level 8. HP: 32/49 MP: 9/9
  4740 | D:5      | Reached skill level 8 in Long Blades
  4829 | D:5      | Reached skill level 5 in Dodging
  6343 | D:6      | Reached skill level 9 in Long Blades
  6343 | D:6      | Reached XP level 9. HP: 48/55 MP: 7/10
  6736 | D:6      | Found a stormy altar of Qazlal.
  7393 | D:6      | Reached skill level 10 in Long Blades
  8532 | D:7      | Learned a level 3 spell: Regeneration
  8686 | D:7      | Found a staircase to the Ecumenical Temple.
  8723 | D:7      | Reached skill level 11 in Long Blades
  8782 | Temple   | Entered the Ecumenical Temple
  8938 | D:7      | Reached XP level 10. HP: 63/63 MP: 11/11
  9417 | D:8      | Found a sparkling altar of Nemelex Xobeh.
  9418 | D:8      | Noticed an eight-headed hydra
  9542 | D:8      | Reached skill level 5 in Armour
  9901 | D:8      | Reached skill level 12 in Long Blades
  9942 | D:8      | HP: 2/63 [electric eel/bolt of electricity (13)]
 10516 | D:8      | Found a shimmering altar of Xom.
 10516 | D:8      | Found a shimmering altar of Xom.
 10753 | D:8      | Reached skill level 1 in Necromancy
 11548 | D:8      | Found a shimmering altar of Xom.
 11559 | D:8      | Found a shimmering altar of Xom.
 11559 | D:8      | Found a shimmering altar of Xom.
 11659 | D:8      | Found a shimmering altar of Xom.
 11660 | D:8      | Noticed a shock serpent
 11680 | D:8      | Reached XP level 11. HP: 67/67 MP: 12/12
 11692 | D:8      | Noticed a two-headed hydra
 12017 | D:8      | Noticed a mana viper
 12020 | D:8      | a mana viper changed into a komodo dragon
 12146 | D:9      | Found a radiant altar of Vehumet.
 12243 | D:9      | Found a blossoming altar of Fedhas.
 12367 | D:9      | Noticed a two-headed ogre
 12383 | D:9      | Killed a two-headed ogre
 12383 | D:9      | Reached skill level 13 in Long Blades
 12789 | D:9      | Noticed Grum
 13197 | D:9      | Noticed Erolcha
 13200 | D:9      | Noticed Maurice
 13212 | D:9      | Killed Erolcha
 13306 | D:9      | Noticed a two-headed ogre
 13316 | D:9      | Killed a two-headed ogre
 13469 | D:9      | Killed Maurice
 13642 | D:9      | Killed Grum
 13699 | D:9      | Found a hazy altar of Hepliaklqana.
 13706 | D:9      | Found a radiant altar of Vehumet.
 13804 | D:9      | Found an opulent altar of Gozag.
 13806 | D:9      | Found a glowing golden altar of the Shining One.
 13807 | D:9      | Found an iron altar of Okawaru.
 13808 | D:9      | Found a blossoming altar of Fedhas.
 13809 | D:9      | Found a shadowy altar of Dithmenos.
 13812 | D:9      | Became a worshipper of Warmaster Okawaru
 13876 | D:9      | Reached skill level 5 in Necromancy
 14026 | D:9      | Found a staircase to the Lair.
 14078 | Lair:1   | Entered Level 1 of the Lair of Beasts
 14084 | Lair:1   | Learned a level 4 spell: Airstrike
 14110 | Lair:1   | Identified a scroll of acquirement
 14210 | Lair:1   | Found a labyrinth entrance.
 14229 | Lab      | Entered a labyrinth
 14265 | Lab      | Noticed an unseen horror
 14273 | Lab      | Killed an unseen horror
 14273 | Lab      | Reached skill level 14 in Long Blades
 14279 | Lab      | Reached * piety under Okawaru
 14279 | Lab      | Reached skill level 10 in Dodging
 14383 | Lab      | Reached skill level 1 in Invocations
 14589 | Lab      | Noticed a minotaur
 14639 | Lab      | Killed a minotaur
 14639 | Lab      | Reached XP level 12. HP: 44/72 MP: 10/14
 14696 | Lab      | Identified the Disquisition on Stolen Souls and Toxins
 14829 | Lair:1   | Reached skill level 1 in Air Magic
 14966 | Lair:1   | Reached ** piety under Okawaru
 14991 | Lair:1   | Reached skill level 1 in Charms
 15728 | Lair:1   | Reached *** piety under Okawaru
 16650 | Lair:2   | Noticed a five-headed hydra
 16665 | Lair:2   | Killed a five-headed hydra
 16665 | Lair:2   | Reached skill level 5 in Invocations
 16677 | Lair:2   | Reached **** piety under Okawaru
 16904 | Lair:2   | Noticed yrara's ghost (journeyman DsFi)
 16924 | Lair:2   | Killed yrara's ghost
 16924 | Lair:2   | Reached skill level 5 in Air Magic
 16926 | Lair:2   | Reached skill level 1 in Evocations
 17201 | Lair:2   | Noticed a six-headed hydra
 17211 | Lair:2   | Killed a six-headed hydra
 17971 | Lair:2   | Reached XP level 13. HP: 52/78 MP: 18/18
 18433 | Lair:2   | Reached ***** piety under Okawaru
 18843 | Lair:3   | Found a dark tunnel.
 18852 | Volcano  | Entered a volcano
 19140 | Volcano  | Found a bloodstained altar of Trog.
 20367 | Lair:3   | Received a gift from Okawaru
 22351 | Lair:4   | Found a staircase to the Snake Pit.
 22802 | Lair:4   | Found a staircase to the Shoals.
 23125 | Lair:4   | Received a gift from Okawaru
 23128 | Lair:4   | Reached skill level 5 in Shields
 23135 | Lair:4   | Gained mutation: You can fly continuously. [Tengu growth]
 23135 | Lair:4   | Reached XP level 14. HP: 42/84 MP: 12/21
 23617 | Lair:5   | Noticed Rupert
 23839 | D:10     | Entered Level 10 of the Dungeon
 26113 | D:12     | Noticed Azrael
 26144 | D:12     | Killed Azrael
 26574 | D:12     | Reached skill level 10 in Air Magic
 26772 | D:12     | Found a staircase to the Orcish Mines.
 26856 | D:12     | Received a gift from Okawaru
 26933 | D:12     | Slain by a white ugly thing

Vault maps used:
D:1:      scummos_arrival_simple_fountains
D:4:      minmay_opposing_rooms, first_bread, uniq_edmund
D:6:      serial_bayou_pond_e, nicolae_qazlal_general_emergency
D:7:      minmay_temple_entry_overgrown, minmay_misc_feat_columns
D:8:      xom_shifter_show, serial_bayou, serial_bayou_pond_c,
          serial_bayou_ford_a, serial_bayou_lagoon_b, serial_bayou_shore_a,
          hangedman_ranch, grunt_nemelex_the_gamble
D:9:      minitemple, erik_lair_dragon, basic_altar, kennysheep_another_room,
          fedhas_bush_and_centaur_altar, uniq_grum, uniq_maurice, uniq_erolcha
D:12:     hiddenorc1_lemuel, uniq_azrael, uniq_kirke
Temple:   nicolae_temple_great_sept
Lair:1:   wad_woods_tower, lab_entry_generic
Lair:2:   dpeg_oklob_gauntlet, gammafunk_lair_bear_cave
Lair:3:   beast_lair_carwin_large_4, nicolae_volcano_entry_two_sided
Lair:4:   minmay_shoals_entry_centaurs, guppyfry_snake_entry_island,
          lemuel_fruit_fields, minmay_lair_oklob_chamber,
          infiniplex_staircase_pool_2, lemuel_fruit_tree
Lair:5:   beast_lair_carwin_large_1, slime_altar_1, minivault_24, wad_woods_06,
          uniq_rupert
Lab:      nicolae_lab_arrow, nicolae_lab_garden, nicolae_lab_t_cross,
          nicolae_lab_checkerboard, labyrinth_skeletal_remains,
          nicolae_lab_stuck
Volcano:  kennysheep_volcano_temple

Skill      XL: |  1  2  3  4  5  6  7  8  9 10 11 12 13 14 |
---------------+-------------------------------------------+-----
Dodging        | 1 2 3 4 5 7 8 10 | 10.0
Long Blades    | 3 4 5 6 7 9 11 12 14 | 14.0
Fighting       | 4 5 6 7 8 |  8.2
Armour         | 5 |  5.8
Necromancy     | 2 6 |  6.9
Invocations    | 2 6 9 |  9.1
Air Magic      | 5 8 10 | 10.0
Charms         | 3 4 |  4.4
Evocations     | 2 3 |  3.6
Shields        | 5 8 |  8.4

Action                   |  1- 3 |  4- 6 |  7- 9 | 10-12 | 13-15 || total
-------------------------+-------+-------+-------+-------+-------++-------
Melee: Long sword        |    64 |   143 |   416 |    21 |       ||   644
       Kick              |    15 |    35 |   148 |   257 |   283 ||   738
       Peck              |    11 |    30 |   111 |   183 |   150 ||   485
       Scimitar          |       |       |       |   692 |    93 ||   785
       Punch             |       |       |       |     2 |     3 ||     5
       Demon blade       |       |       |       |       |   606 ||   606
Throw: Throwing net      |       |       |     1 |       |       ||     1
       Javelin           |       |       |    10 |    12 |     8 ||    30
 Cast: Regeneration      |       |       |       |       |     3 ||     3
Invok: Heroism           |       |       |       |     5 |     8 ||    13
       Finesse           |       |       |       |       |     4 ||     4
 Abil: Fly               |       |     1 |    21 |    51 |    22 ||    95
Evoke: Wand              |       |       |       |    10 |     2 ||    12
  Use: Scroll            |     4 |     6 |     8 |    13 |     7 ||    38
       Potion            |       |     3 |     8 |     9 |     1 ||    21
 Stab: Held in net/web   |       |       |     2 |       |       ||     2
       Sleeping          |       |       |       |     1 |       ||     1
       Invisible         |       |       |       |     6 |       ||     6
  Eat: Chunk             |     1 |     7 |    21 |    30 |    29 ||    88
       Fruit             |       |       |     1 |     7 |     4 ||    12
Armor: Scale mail        |    25 |    76 |    56 |       |       ||   157
       Leather armour    |       |       |    49 |   121 |   108 ||   278
       Skin              |       |       |       |    26 |       ||    26
Dodge: Dodged            |    24 |    73 |   305 |   504 |   533 ||  1439
       Rpst.: Long sword |     6 |    25 |   104 |     4 |       ||   139
       Scimitar          |       |       |       |   121 |    22 ||   143
       Demon blade       |       |       |       |       |    97 ||    97
